 Dungeon Crawl Stone Soup version 0.27.1-3-gb3d3a73c9e (webtiles) character file.

Game seed: 4923528285118776806

3740 earthworldpsion the Quickloader (level 9, -2/83 HPs)
             Began as a Minotaur Hunter on Oct 18, 2021.
             Was a Follower of Qazlal.
             Killed from afar by an electric eel (8 damage)
             ... with a bolt of electricity
             ... on level 8 of the Dungeon.
             The game lasted 00:38:03 (7366 turns).

earthworldpsion the Quickloader (Minotaur Hunter)   Turns: 7366, Time: 00:38:04

Health: -2/83      AC:  6    Str: 24    XL:     9   Next: 93%
Magic:  8/8        EV: 12    Int: 11    God:    Qazlal [*.....]
Gold:   97         SH:  6    Dex: 17    Spells: 8/8 levels left

rFire    . . .     SeeInvis .   a - +1 hand crossbow (venom)
rCold    + . .     Faith    .   C - +0 buckler
rNeg     . . .     Spirit   .   H - +0 leather armour "Vuyt" {rPois Str+4 Int+3}
rPois    +         Reflect  .   (helmet restricted)
rElec    .         Harm     .   (no cloak)
rCorr    .         Rampage  .   t - +1 pair of gloves
Will     .....                  (no boots)
Stlth    ++........             (no amulet)
HPRegen  0.23/turn              s - +6 ring of dexterity
MPRegen  0.11/turn              u - ring of protection from cold

@: no status effects
A: horns 2, retaliatory headbutt
a: Renounce Religion


You were on level 8 of the Dungeon.
You worshipped Qazlal.
Qazlal was aware of your devotion.
You visited 2 branches of the dungeon, and saw 9 of its levels.

You collected 459 gold pieces.
You spent 362 gold pieces at shops.

Inventory:

Hand Weapons
 a - a +1 hand crossbow of venom (weapon)
 b - a +0 short sword
 c - a +7 war axe
 B - a +2 spear of venom
Missiles
 d - 26 bolts (quivered ammo)
 q - 96 poisoned darts
Armour
 t - a +1 pair of gloves (worn)
 C - a +0 buckler (worn)
 H - the +0 leather armour "Vuyt" (worn) {rPois Str+4 Int+3}
   (You bought it in a shop on level 7 of the Dungeon)

   Str:       It affects your strength (+4).
   Int:       It affects your intelligence (+3).
   rPois:     It protects you from poison.
Jewellery
 s - a +6 ring of dexterity (left hand)
 u - a ring of protection from cold (right hand)
Wands
 y - a wand of paralysis (13)
 E - a wand of digging (7)
Scrolls
 h - a scroll of brand weapon
 i - a scroll of amnesia
 l - 2 scrolls of fog
 m - a scroll of blinking {unknown}
 p - a scroll of immolation
 w - a scroll of silence {unknown}
 x - a scroll of enchant armour {unknown}
 z - 2 scrolls of teleportation
 D - a scroll of magic mapping {unknown}
 F - a scroll of acquirement {unknown}
Potions
 e - 4 potions of lignification
 f - a potion of brilliance {unknown}
 g - 2 potions of might
 j - a potion of heal wounds
 k - a potion of magic {unknown}
 o - 2 potions of curing {unknown}
 v - a potion of haste {unknown}
 A - a potion of berserk rage {unknown}
 G - a potion of mutation {unknown}


   Skills:
 + Level 9.0 Fighting
 + Level 0.6 Axes
 + Level 11.4 Crossbows
 + Level 1.2 Throwing
 + Level 7.1 Armour
 + Level 2.7 Dodging
 + Level 2.9 Stealth
 + Level 0.8 Shields


You had 8 spell levels left.
You didn't know any spells.
Your spell library contained the following spells:

 Spells                   Type           Power      Damage    Failure   Level
 Sublimation of Blood     Necr           0%         N/A       65%         2
 Wereblood                Tmut           0%         N/A       65%         2
 Ozocubu's Armour         Ice            0%         N/A       87%         3
 Stone Arrow              Conj/Erth      0%         3d7       87%         3
 Summon Guardian Golem    Hex/Summ       0%         N/A       87%         3
 Animate Armour           Summ/Erth      0%         N/A       99%         4
 Orb of Destruction       Conj           0%         N/A       100%        7
 Ozocubu's Refrigeration  Ice            0%         4d5       100%        7
 Spellforged Servitor     Conj/Summ      0%         N/A       100%        7
 Summon Hydra             Summ           0%         N/A       100%        7
 Lehudib's Crystal Spear  Conj/Erth      0%         10d2      100%        8


Dungeon Overview and Level Annotations

Branches:
Dungeon (8/15)             Temple (1/1) D:5
   Lair: D:8-11

Altars:
Ashenzari
Cheibriados
Dithmenos
Elyvilon
Fedhas
Gozag
Kikubaaqudgha
Makhleb
Nemelex Xobeh
Okawaru
Qazlal
Ru
Sif Muna
Trog
Uskayaw
Vehumet
Wu Jian
Yredelemnul
Zin
The Shining One

Shops:
D:2 !   D:3 !   D:7 [


Innate Abilities, Weirdness & Mutations

You have a pair of horns on your head.
You reflexively headbutt those who attack you in melee.


Message History

The yak gores you.
Fire: 29 bolts
Press: ? - help, Q - select action, (/) - cycle Shift-Dir - straight line, f - yak, p - yak
Aim: a yak (80% to hit)
You shoot a bolt. The bolt barely misses the yak.
The yak barely misses you. The yak gores you.
* * * LOW HITPOINT WARNING * * *
The yak gores you.
* * * LOW HITPOINT WARNING * * *
You feel much better. The yak misses you. You furiously retaliate!
You headbutt the yak, but do no damage. The yak gores you but does no damage.
The yak gores you!
Fire: 28 bolts
Press: ? - help, Q - select action, (/) - cycle Shift-Dir - straight line, f - yak, p - yak
Aim: a yak (sparse dust, 80% to hit)
You shoot a bolt. The bolt hits the yak.
The yak is poisoned.
The yak is lightly wounded.
The yak completely misses you. The yak gores you. The yak gores you!
Fire: 27 bolts
Press: ? - help, Q - select action, (/) - cycle Shift-Dir - straight line, f - yak, p - yak
Aim: a yak (80% to hit)
You shoot a bolt. The bolt hits the yak.
The yak is poisoned.
The yak is lightly wounded.
The yak gores you!
* * * LOW HITPOINT WARNING * * *
The yak gores you.
* * * LOW HITPOINT WARNING * * *
You block the yak's attack.
As you read the scroll of teleportation, it crumbles to dust.
You feel strangely unstable. The yak gores you!
* * * LOW HITPOINT WARNING * * *
The yak closely misses you. You block the yak's attack.
Your surroundings suddenly seem different.
An ice beast, a centaur, 2 electric eels, 2 white imps and 2 simulacra come into view.
The centaur shouts!
The white imp shouts, "Away with thee, thou fawning two-tin-hat deadneck!"
The white imp shouts!
The electric eel shoots out a bolt of lightning at you!
The bolt of electricity hits you!
You die...

#...≈≈
#...≈.##
#...≈..##
#Y≈.≈≈..#
##.≈.≈≈..#
#....≈≈..##
#.≈≈;≈≈≈..#
....
#.≈≈≈;≈@..#
....
#..≈≈≈.Z..#
....
#..≈.≈.c≈5.#
....
##.≈.≈..≈..#
....
#..5Z.≈≈..#
....
#..≈≈.≈..##
>...
#..≈≈....#
....
#..≈≈...##
...# ###


You could see an ice beast, a centaur, 2 electric eels, 2 white imps, a killer
bee simulacrum and a hornet simulacrum.

Vanquished Creatures
  2 centaur zombies
  Joseph (D:7)
  A troll (D:6)
  2 yaks (D:8)
  A black bear (D:5)
  2 orc warriors (D:4)
  2 sky beasts
  6 ogres
  2 phantoms (D:6)
  A kobold brigand (D:7)
  2 bullfrogs (D:6)
  2 wyvern zombies (D:7)
  A gnoll sergeant (D:6)
  A scorpion (D:5)
  A water moccasin skeleton (D:6)
  6 wights
  A bullfrog zombie (D:7)
  An orc priest (D:8)
  4 jellies
  7 iguanas
  9 orc wizards
  A killer bee zombie (D:7)
  3 mummies (D:7)
  4 adders
  3 gnolls (D:3)
  A shadow imp (D:7)
  A white imp (D:5)
  An ufetubus (D:8)
  An adder skeleton (D:4)
  4 worms
  5 dart slugs
  15 orcs
  3 bats
  9 endoplasms
  2 giant cockroaches (D:4)
  6 goblins
  4 hobgoblins
  2 jackals (D:2)
  3 quokkas
  6 ball pythons
  4 frilled lizards
  11 kobolds
  9 rats
153 creatures vanquished.

Vanquished Creatures (collateral kills)
  A killer bee zombie (D:7)
1 creature vanquished.

Vanquished Creatures (others)
  A water moccasin skeleton (D:5)
  An adder (D:5)
  2 plants (D:5)
  A withered plant (D:7)
5 creatures vanquished.

Grand Total: 159 creatures vanquished

Notes
Turn   | Place    | Note
-------+----------+-------------------------------------------
     0 | D:1      | earthworldpsion the Minotaur Hunter began the quest for the
                  | Orb.
     0 | D:1      | Reached XP level 1. HP: 18/18 MP: 0/0
   150 | D:1      | Reached XP level 2. HP: 4/25 MP: 1/1
   595 | D:1      | Reached skill level 5 in Crossbows
  1083 | D:1      | Reached XP level 3. HP: 31/31 MP: 2/2
  1476 | D:2      | Reached XP level 4. HP: 38/38 MP: 3/3
  1673 | D:2      | Found Egint's Distillery.
  1701 | D:2      | You fall into a shaft and drop 1 floor!
  1706 | D:3      | Found a glowing silver altar of Zin.
  1720 | D:3      | Reached skill level 6 in Crossbows
  1737 | D:3      | Reached skill level 1 in Armour
  1803 | D:3      | Reached XP level 5. HP: 45/45 MP: 4/4
  1949 | D:2      | Found a faded altar of an unknown god.
  2484 | D:3      | Found Vacvot's Distillery.
  2767 | D:4      | Learned a level 2 spell: Sublimation of Blood
  2776 | D:4      | Found a bloodstained altar of Trog.
  2876 | D:4      | Noticed an orc warrior
  2883 | D:4      | Killed an orc warrior
  2884 | D:4      | Reached skill level 7 in Crossbows
  2884 | D:4      | Reached skill level 1 in Stealth
  2884 | D:4      | Reached XP level 6. HP: 52/52 MP: 5/5
  2953 | D:4      | Noticed an orc warrior
  2967 | D:4      | Killed an orc warrior
  3165 | D:4      | Reached XP level 7. HP: 60/60 MP: 6/6
  3216 | D:4      | Reached skill level 8 in Crossbows
  3509 | D:5      | Entered Level 5 of the Dungeon
  3572 | D:5      | Reached skill level 5 in Fighting
  3572 | D:5      | Reached skill level 9 in Crossbows
  3572 | D:5      | Reached skill level 1 in Throwing
  3572 | D:5      | Reached XP level 8. HP: 61/68 MP: 7/7
  3905 | D:5      | Found a radiant altar of Vehumet.
  3965 | D:5      | Found a staircase to the Ecumenical Temple.
  3997 | Temple   | Entered the Ecumenical Temple
  4073 | Temple   | Became a worshipper of Qazlal Stormbringer
  4116 | D:5      | Found an ancient bone altar of Kikubaaqudgha.
  4525 | D:5      | Found a large runed translucent door.
  4526 | D:5      | Found a large runed translucent door.
  4537 | D:5      | Found an opulent altar of Gozag.
  4544 | D:5      | Found a snail-covered altar of Cheibriados.
  4629 | D:5      | Reached skill level 10 in Crossbows
  5057 | D:6      | Reached skill level 5 in Armour
  5128 | D:6      | Found a broken altar of Ashenzari.
  5276 | D:6      | Found a white marble altar of Elyvilon.
  5276 | D:6      | Noticed a troll
  5284 | D:6      | Killed a troll
  5285 | D:6      | Reached XP level 9. HP: 50/79 MP: 8/8
  5963 | D:7      | Noticed Joseph
  5976 | D:7      | Killed Joseph
  5977 | D:7      | Reached skill level 11 in Crossbows
  6497 | D:7      | Reached * piety under Qazlal
  6628 | D:7      | Found Misuexza's Armour Shop.
  6640 | D:7      | Bought the +0 leather armour "Vuyt" {rPois Str+4 Int+3} for
                  | 362 gold pieces
  7366 | D:8      | Killed from afar by an electric eel

Illustrated notes

Levels and vault maps discovered:
D:1:      lemuel_arrival_behind_the_door_small, layout_loops_corners
D:2:      layout_loops_ring, serial_shops, shop,
          hellmonk_ecumenical_altar_blasted, minmay_heptomino_o4
D:3:      layout_rooms, lemuel_crystal_altar, cheibrodos_sewer_entry_bend,
          serial_shops, shop, eino_tiny_chamber, kennysheep_nub
D:4:      layout_basic, mainiacjoe_overflow_paths, kennysheep_decorative_pillar
D:5:      layout_basic, fiery_altar_vehumet, mainiacjoe_overflow_boulevard,
          jmf_multi_god_temple2, minmay_temple_entry_grid, serial_corexii_hall,
          corexii_hall_statues_u, corexii_hall_statues_deadend,
          chequers_hall_statues_wall_a, minmay_misc_feat_more_columns,
          st_stairs_8
D:6:      layout_loops_ring, mainiacjoe_overflow_catch_the_wave,
          kennysheep_generic_room_15
D:7:      layout_loops_cross, serial_shops, nicolae_shop_crystal, serial_undead,
          serial_undead_f, serial_undead_a, serial_undead_c, serial_undead_b,
          wad_floor_pattern_1, hangedman_decor_push, uniq_joseph
D:8:      layout_rooms, serial_ice, serial_ice_c, serial_ice_h, serial_ice_o,
          serial_ice_a, serial_ice_k, serial_ice_g, dk_rats_in_the_wall
Temple:   minmay_temple_bridge_abc

Skill      XL: |  1  2  3  4  5  6  7  8  9 |
---------------+----------------------------+-----
Crossbows      | 5 6 7 9 10 11 | 11.4
Fighting       | 3 4 5 7 9 |  9.0
Armour         | 1 2 3 5 7 |  7.1
Stealth        | 1 2 |  2.9
Throwing       | 1 |  1.2
Axes           | |  0.6
Dodging        | |  2.7
Shields        | |  0.8

Action                   |  1- 3 |  4- 6 |  7- 9 || total
-------------------------+-------+-------+-------++-------
Melee: Hand crossbow     |       |     3 |     5 ||     8
       Headbutt          |       |     1 |     6 ||     7
       War axe           |       |       |    17 ||    17
 Fire: Hand crossbow     |    70 |    91 |   192 ||   353
Throw: Dart              |       |     4 |       ||     4
  Use: Scroll            |       |     6 |     8 ||    14
       Potion            |       |       |     2 ||     2
Armor: Leather armour    |     2 |       |     7 ||     9
       Ring mail         |       |       |    26 ||    26
Dodge: Dodged            |    12 |    19 |    72 ||   103
Block: Buckler           |       |       |    17 ||    17
